 Dungeon Crawl Stone Soup version 0.21.1-1-g345015f (webtiles) character file.

20 suicidejoker the Insei (level 2, 0/18 HPs)
             Began as an Octopode Transmuter on Mar 31, 2018.
             Slain by a worm (9 damage)
             ... on level 2 of the Dungeon.
             The game lasted 00:01:31 (868 turns).

suicidejoker the Insei (Octopode Transmuter)         Turns: 868, Time: 00:01:31

Health: 0/18       AC:  1    Str:  9    XL:     2   Next: 79%
Magic:  5/5        EV: 10    Int: 15    God:
Gold:   76         SH:  6    Dex: 12    Spells: 4/5 levels left

rFire    + . .     SeeInvis .     - Unarmed
rCold    x . .     Gourm    .   l - +0 shield
rNeg     . . .     Faith    .   (helmet restricted)
rPois    .         Spirit   .   (no amulet)
rElec    .         Reflect  .   i - ring of fire
rCorr    .         Harm     .   (no ring)
MR       .....                  (no ring)
Stlth    +++.......             (no ring)
HPRegen  0.06/turn              (no ring)
MPRegen  0.09/turn              (no ring)
                                (no ring)
                                (no ring)

@: no status effects
A: almost no armour, stealthy swim, amphibious, 8 rings, constrict 8, camouflage
1, gelatinous body 1
a: no special abilities


You were on level 2 of the Dungeon.
You were not hungry.

You visited 1 branch of the dungeon, and saw 2 of its levels.

You collected 76 gold pieces.

Inventory:

Missiles
 a - 89 arrows
 j - 31 sling bullets
Armour
 l - a +0 shield (worn)
Jewellery
 i - a ring of fire (left tentacle)
Scrolls
 d - a scroll of fear
 e - a scroll of fog {unknown}
 h - a scroll of remove curse
 k - a scroll of teleportation {unknown}
 m - a scroll of identify {unknown}
Potions
 f - a potion of heal wounds {unknown}
 g - a potion of degeneration {unknown}
Books
 b - a book of Changes

   Spells                             Type                      Level
   a - Beastly Appendage              Transmutation                1
   b - Sticks to Snakes               Transmutation                2
   c - Spider Form                    Transmutation/Poison         3
   d - Ice Form                       Ice/Transmutation            4
   e - Blade Hands                    Transmutation                5
Comestibles
 c - 5 rations


   Skills:
 - Level 1.0 Fighting
 + Level 2.2 Dodging
 + Level 1.3 Stealth
 + Level 0.8 Shields
 * Level 3.4 Unarmed Combat
 - Level 2.0 Spellcasting
 - Level 2.0 Transmutations


You had 4 spell levels left.
You knew the following spells:

 Your Spells              Type           Power        Failure   Level  Hunger
a - Beastly Appendage     Tmut           #.....       52%         1    #......


Dungeon Overview and Level Annotations

Branches:
Dungeon (2/15)

Altars:


Innate Abilities, Weirdness & Mutations

You cannot wear most types of armour.
You are very stealthy in the water. (Stealth+)
You are amphibious.
You can wear up to eight rings at the same time.
You can use your tentacles to constrict eight enemies at once.
Your skin changes colour to match your surroundings (Stealth+).
Your rubbery body absorbs attacks. (AC +1, EV +1)


Message History

No target in view!
e - a scroll labeled JIRIEG ICZATHRORE You now have 76 gold pieces (gained 24).
You see here a goblin corpse.
HP restored.
You see here a scale mail.
There is an open door here.
You see here a frilled lizard corpse.
m - a scroll labeled KUVVION IZAOTAEPP
Found a robe.
A worm and a kobold come into view.
There are monsters nearby!
The worm bites you!
The kobold shouts!
You closely miss the kobold. Your grab misses the kobold.
The kobold misses you.
You closely miss the kobold. You grab the kobold. You constrict the kobold.
The kobold hits you with a dagger. The worm bites you!
Ouch! That really hurt!
You die...

#.... #....# #....# #....#
# #....#####.#
#..........###
####......K......
..[......@w...#
........#############
........######......######
..........................
...#..########...........#
.. ##.#### #......####.. .
#....# ###.#####....
#....# #.# #.... #....#
#.# #....


You could see a worm and a kobold.

Vanquished Creatures
  An ooze (D:1)
  A bat (D:1)
  4 goblins
  2 hobgoblins (D:1)
  2 frilled lizards
  A kobold (D:1)
  5 rats
16 creatures vanquished.

Notes
Turn   | Place    | Note
-------+----------+-------------------------------------------
     0 | D:1      | suicidejoker the Octopode Transmuter began the quest for the Orb.
     0 | D:1      | Reached XP level 1. HP: 13/13 MP: 3/3
   275 | D:1      | Reached XP level 2. HP: 16/18 MP: 5/5
   307 | D:1      | Reached skill level 1 in Stealth
   868 | D:2      | Slain by a worm

Skill      XL: |  1  2 |
---------------+-------+-----
Stealth        | 1 |  1.3
Fighting       | |  1.0
Dodging        | |  2.2
Shields        | |  0.8
Unarmed Combat | |  3.4
Spellcasting   | |  2.0
Transmutations | |  2.0

Action                   || total
-------------------------++-------
Melee: Unarmed           ||    33
       Constrict         ||     9
       Tentacles         ||     4
  Use: Scroll            ||     5
 Stab: Sleeping          ||     5
Armor: Skin              ||     7
Dodge: Dodged            ||    12
Block: Buckler           ||     7
